 Dungeon Crawl Stone Soup version 0.28-a0-556-gab23d0e057 (webtiles) character file.

Game seed: 2040716725596438460

7907 jasper the Scribe (level 11, -15/80 HPs)
             Began as a Demonspawn Venom Mage on Sept 28, 2021.
             Was a Priest of Sif Muna.
             Hit by a large rock thrown by a cyclops (30 damage)
             ... on level 11 of the Dungeon.
             The game lasted 00:26:24 (13570 turns).

jasper the Scribe (Demonspawn Venom Mage)          Turns: 13570, Time: 00:26:24

Health: -15/80     AC: 11    Str:  8    XL:     11   Next: 2%
Magic:  17/20      EV: 14    Int: 29    God:    Sif Muna [***...]
Gold:   187        SH:  4    Dex: 14    Spells: 0/23 levels left

rFire   . . .      SeeInvis .   e - +3 dagger (elec)
rCold   + . .      Faith    .   (no shield)
rNeg    . . .      Spirit   .   a - +1 robe
rPois   .          Reflect  .   L - +0 helmet {Int+3}
rElec   .          Harm     .   b - scarf {+Inv}
rCorr   .          Rampage  .   (no gloves)
Will    .....                   E - +0 pair of boots
Stlth   ++........              k - amulet of magic regeneration
HPRegen 0.23/turn               K - +6 ring of intelligence
MPRegen 0.42/turn               f - ring of protection from cold

@: no status effects
A: talons 1, icemail 1, sharp scales 2, condensation shield
a: Renounce Religion, Evoke Invisibility, Channel Magic, Forget Spell


You were on level 11 of the Dungeon.
You worshipped Sif Muna.
Sif Muna was most pleased with you.
You visited 1 branch of the dungeon, and saw 11 of its levels.

You collected 479 gold pieces.
You spent 292 gold pieces at shops.

Inventory:

Hand Weapons
 d - a +0 club
 e - a +3 dagger of electrocution (weapon)
Missiles
 h - 8 atropa-tipped darts
 i - 18 boomerangs
 p - 245 stones
 H - a throwing net
Armour
 a - a +1 robe (worn)
 b - a scarf of invisibility (worn)
 B - a scarf of invisibility
 E - a +0 pair of boots (worn)
 L - a +0 helmet of intelligence (worn)
Magical Staves
 y - a staff of cold
 D - a staff of air
Jewellery
 c - a ring of positive energy
 f - a ring of protection from cold (right hand)
 k - an amulet of magic regeneration (around neck)
 o - a ring of protection from fire
 v - an amulet of faith
 K - a +6 ring of intelligence (left hand)
Wands
 g - a wand of flame (32)
 n - a wand of polymorph (6)
 r - a wand of paralysis (15)
 t - a wand of digging (4)
Scrolls
 q - 7 scrolls of teleportation
 w - 2 scrolls of enchant armour
 z - a scroll of vulnerability
 A - 2 scrolls of identify
 G - 2 scrolls of magic mapping
 I - a scroll of immolation {unknown}
Potions
 j - 2 potions of flight
 l - a potion of heal wounds
 m - 2 potions of degeneration
 s - 4 potions of curing
 u - a potion of mutation
 x - a potion of resistance
 C - a potion of might
 F - a potion of brilliance
 J - a potion of cancellation {unknown}


   Skills:
 - Level 5.4 Fighting
 - Level 5.4 Dodging
 - Level 1.7 Stealth
 - Level 6.5 Spellcasting
 - Level 2.0 Conjurations
 - Level 2.0 Hexes
 - Level 0.8 Transmutations
 - Level 4.0 Ice Magic
 - Level 2.1 Air Magic
 - Level 8.0 Poison Magic
 - Level 11.2 Invocations
 * Level 3.2 Evocations


You couldn't memorise any spells.
You knew the following spells:

 Your Spells              Type           Power      Damage    Failure   Level
a - Sting                 Tmut/Pois      100%       1d8       1%          1
b - Mephitic Cloud        Conj/Pois/Air  33%        N/A       3%          3
c - Olgreb's Toxic Radia  Pois           54%        N/A       1%          4
d - Apportation           Tloc           18%        N/A       5%          1
e - Slow                  Hex            21%        N/A       3%          2
f - Ozocubu's Armour      Ice            32%        N/A       3%          3
g - Ensorcelled Hibernat  Hex/Ice        52%        N/A       2%          2
h - Ozocubu's Refrigerat  Ice            16%        4d8       100%        7

Your spell library contained the following spells:

 Spells                   Type           Power      Damage    Failure   Level
 Poisonous Vapours        Pois/Air       76%        N/A       1%          2
 Spider Form              Tmut/Pois      17%        N/A       2%          3
 Foxfire                  Conj/Fire      60%        2x1d7     3%          1
 Confusing Touch          Hex            21%        N/A       7%          3
 Dazzling Flash           Conj/Hex       42%        N/A       7%          3
 Conjure Flame            Conj/Fire      15%        6-21      11%         3
 Inner Flame              Hex/Fire       15%        N/A       11%         3
 Gell's Gravitas          Tloc           4%         N/A       16%         3
 Teleport Other           Tloc           9%         N/A       16%         3
 Vampiric Draining        Necr           4%         2d6       16%         3
 Alistair's Intoxication  Tmut/Pois      23%        N/A       24%         5
 Flame Wave               Conj/Fire      15%        3d5       34%         4
 Metabolic Englaciation   Hex/Ice        13%        N/A       41%         5
 Silence                  Hex/Air        10%        N/A       54%         5
 Agony                    Necr           9%         N/A       83%         5
 Invisibility             Hex            10%        N/A       98%         6
 Simulacrum               Ice/Necr       10%        N/A       98%         6
 Dispersal                Tloc           4%         N/A       100%        6
 Ignition                 Fire           4%         3d4       100%        8


Dungeon Overview and Level Annotations

Branches:
Dungeon (11/15)            Temple (0/1) D:7            Lair (0/6) D:9
    Orc (0/2) D:11

Altars:
Ashenzari
Cheibriados
Fedhas
Gozag
Nemelex Xobeh
Okawaru
Qazlal
Sif Muna
Trog
Uskayaw
Xom

Shops:
D:3 *   D:5 !   D:11 [(

Annotations:
D:9 1 runed translucent door, freelancePsychic's ghost, novice DsAr


Innate Abilities, Weirdness & Mutations

You have sharp toenails.
A meltable icy envelope protects you from harm. (AC +4)
You are mostly covered in razor-sharp scales. (AC +2, Slay +2)
A meltable shield of frost defends you. (SH +4)


Message History

An orc priest is nearby!
An orc priest is nearby!
Casting: Olgreb's Toxic Radiance (dangerous; 1% risk of failure)
Confirm with . or Enter, or press ? or * to list all spells.
You begin to radiate toxic energy.
The orc priest shouts!
The orc priest is poisoned.
You now have 16/20 mp.
Your toxic aura wanes.
The orc priest hits you with a +0 war axe.
A cyclops comes into view.
You take 4 damage, and have 76/80 hp.
The cyclops shouts!
You hit the orc priest but do no damage.
Lightning courses through the orc priest!
You kill the orc priest!
Sif Muna accepts your kill.
Things that are here:
a +0 war axe; a +0 plate armour; an orc corpse
Casting: Olgreb's Toxic Radiance (dangerous; 1% risk of failure)
Confirm with . or Enter, or press ? or * to list all spells.
You begin to radiate toxic energy.
The cyclops is poisoned.
The cyclops looks even sicker.
The cyclops throws a large rock.
The large rock hits you!!
You take 22 damage, and have 54/80 hp.
MASSIVE DAMAGE!!
You now have 15/20 mp.
Your toxic aura wanes.
Things that are here:
a +0 hand axe of flaming; an orc skeleton The cyclops throws a large rock.
The large rock hits you!!!
Ouch! That really hurt!
* * * LOW HITPOINT WARNING * * *
You take 41 damage, and have 14/80 hp.
MASSIVE DAMAGE!!
Okay, then.
Okay, then.
Aiming: Paralyse
Press: ? - help, Shift-Dir - straight line, f - cyclops
Aim: a cyclops, quivering large rocks (lightly wounded, very poisoned, chance to affect: 37%)
The cyclops resists with some effort.
The cyclops throws a large rock.
The large rock hits you!!
You die...

# ..# ... ....# ...##.#.##
......#.. ## .....
...#.#.#######... .....
#.#.........C.. .....
#..........# ..... #
#)....).).# ....
#.##<.#@##.).######..#
#.....#.##...........#
####..#.##...........#
##)..##...........#
#.).).#.))∩.>.∩...#
#.#..##)).........#
#.#...............#
#.######...>)............#
#.....#####.#####.######.#


You could see a cyclops (poisoned).

Vanquished Creatures
  A two-headed ogre (D:9)
  A troll (D:10)
  A shadow (D:11)
  A wraith (D:10)
  3 wyverns
  3 vampire mosquitoes (D:10)
  2 wargs (D:9)
  An acid dragon (D:8)
  5 water moccasins
  3 sky beasts
  An ice beast (D:5)
  7 orc warriors
  A necrophage (D:5)
  6 ogres
  3 centaurs
  A phantom (D:7)
  2 scorpions
  A water moccasin skeleton (D:5)
  2 jellies
  18 wights
  2 howler monkeys
  A bullfrog skeleton (D:7)
  10 centaur zombies
  8 orc priests
  2 gnoll shamans (D:6)
  2 iguanas (D:5)
  7 orc wizards
  2 killer bee zombies
  A hound skeleton (D:4)
  2 howler monkey zombies (D:6)
  10 gnolls
  A howler monkey skeleton (D:5)
  8 adders
  An ufetubus (D:7)
  2 adder skeletons
  5 dart slugs
  5 worms
  35 orcs
  8 endoplasms
  A giant cockroach (D:4)
  4 hobgoblins
  15 jackals
  4 quokkas
  5 ball pythons
  6 bats
  4 frilled lizards
  13 goblins
  5 kobolds
  5 rats
237 creatures vanquished.

Vanquished Creatures (others)
  2 plants (D:9)
2 creatures vanquished.

Grand Total: 239 creatures vanquished

Notes
Turn   | Place    | Note
-------+----------+-------------------------------------------
     0 | D:1      | jasper the Demonspawn Venom Mage began the quest for the
                  | Orb.
     0 | D:1      | Reached XP level 1. HP: 13/13 MP: 3/3
   324 | D:1      | Gained mutation: A meltable shield of frost defends you.
                  | (SH +4) [demonic ancestry]
   324 | D:1      | Reached XP level 2. HP: 19/19 MP: 3/5
   787 | D:1      | Gained mutation: A meltable icy envelope protects you from
                  | harm. (AC +4) [demonic ancestry]
   787 | D:1      | Reached XP level 3. HP: 24/24 MP: 2/6
   791 | D:1      | Learned a level 3 spell: Mephitic Cloud
  1589 | D:2      | Gained mutation: You have sharp toenails. [demonic
                  | ancestry]
  1589 | D:2      | Reached XP level 4. HP: 30/30 MP: 4/7
  1612 | D:2      | Reached skill level 5 in Poison Magic
  1793 | D:2      | Found a sparkling altar of Nemelex Xobeh.
  2500 | D:3      | You fall into a shaft and drop 3 floors!
  2592 | D:6      | Noticed a wyvern
  2639 | D:6      | Killed a wyvern
  2640 | D:6      | Gained mutation: You are partially covered in razor-sharp
                  | scales. (AC +1, Slay +1) [demonic ancestry]
  2640 | D:6      | Reached XP level 5. HP: 35/35 MP: 4/8
  2640 | D:6      | Reached XP level 6. HP: 41/41 MP: 4/9
  2660 | D:5      | Entered Level 5 of the Dungeon
  2660 | D:5      | Found Xoexteq's Distillery.
  2684 | D:4      | Learned a level 4 spell: Olgreb's Toxic Radiance
  2686 | D:4      | Learned a level 1 spell: Apportation
  2851 | D:4      | Found a sparkling altar of Nemelex Xobeh.
  3021 | D:4      | Found a broken altar of Ashenzari.
  3021 | D:4      | Found an iron altar of Okawaru.
  3049 | D:4      | Found a snail-covered altar of Cheibriados.
  3173 | D:4      | Noticed a sky beast
  3210 | D:4      | Killed a sky beast
  3737 | D:3      | Found an opulent altar of Gozag.
  3866 | D:3      | Found Qafev's Assorted Antiques.
  3952 | D:3      | Found a faded altar of an unknown god.
  4135 | D:5      | Found a hide-covered altar of Uskayaw.
  4343 | D:5      | Noticed an ice beast
  4354 | D:5      | Killed an ice beast
  4355 | D:5      | Reached XP level 7. HP: 46/46 MP: 9/11
  4641 | D:5      | Found a shimmering blue altar of Sif Muna.
  4696 | D:5      | Became a worshipper of Sif Muna the Loreminder
  4728 | D:5      | Reached skill level 1 in Conjurations
  4728 | D:5      | Reached skill level 1 in Air Magic
  4975 | D:5      | Reached skill level 2 in Invocations
  5111 | D:5      | Reached skill level 3 in Invocations
  5123 | D:5      | Bought 2 potions of curing for 72 gold pieces
  5123 | D:5      | Bought a potion of curing for 36 gold pieces
  5177 | D:5      | Reached XP level 8. HP: 52/52 MP: 13/13
  5333 | D:5      | Learned a level 2 spell: Slow
  5337 | D:5      | Learned a level 3 spell: Ozocubu's Armour
  5434 | D:6      | Reached skill level 4 in Invocations
  5491 | D:6      | Found a blossoming altar of Fedhas.
  5700 | D:6      | Reached skill level 1 in Fighting
  5744 | D:6      | Reached skill level 5 in Invocations
  5816 | D:6      | Reached * piety under Sif Muna
  5853 | D:6      | Reached skill level 6 in Invocations
  6208 | D:6      | Reached XP level 9. HP: 59/62 MP: 16/16
  6347 | D:6      | Reached skill level 7 in Invocations
  6956 | D:6      | Reached skill level 5 in Spellcasting
  7088 | D:7      | Found a staircase to the Ecumenical Temple.
  7284 | D:7      | Reached skill level 1 in Hexes
  7315 | D:7      | Learned a level 2 spell: Ensorcelled Hibernation
  7328 | D:7      | Reached skill level 1 in Ice Magic
  7917 | D:7      | Reached skill level 8 in Invocations
  8464 | D:7      | Reached ** piety under Sif Muna
  9231 | D:8      | Reached skill level 9 in Invocations
  9861 | D:8      | Gained mutation: You are mostly covered in razor-sharp
                  | scales. (AC +2, Slay +2) [demonic ancestry]
  9861 | D:8      | Reached XP level 10. HP: 49/72 MP: 12/18
 10239 | D:8      | Found a stormy altar of Qazlal.
 10755 | D:9      | Noticed a two-headed ogre
 10795 | D:9      | Killed a two-headed ogre
 10796 | D:9      | Reached skill level 10 in Invocations
 10802 | D:9      | Reached skill level 5 in Dodging
 10931 | D:9      | Found a staircase to the Lair.
 11193 | D:9      | Found a runed translucent door.
 11193 | D:9      | Found a shimmering altar of Xom.
 11193 | D:9      | Noticed freelancePsychic's ghost (novice DsAr)
 11194 | D:9      | Noticed a +0 flail of chaos
 11629 | D:9      | Reached skill level 5 in Fighting
 11795 | D:10     | Entered Level 10 of the Dungeon
 11828 | D:10     | Reached skill level 1 in Evocations
 12416 | D:10     | Reached *** piety under Sif Muna
 12651 | D:10     | Reached skill level 11 in Invocations
 13164 | D:10     | Found a bloodstained altar of Trog.
 13334 | D:11     | Found Rameasuc's Armour Shoppe.
 13334 | D:11     | Found a staircase to the Orcish Mines.
 13339 | D:11     | Reached XP level 11. HP: 69/80 MP: 5/20
 13374 | D:11     | Learned a level 7 spell: Ozocubu's Refrigeration
 13520 | D:11     | Found Gyelet's Weapon Shoppe.
 13526 | D:11     | Bought a +0 helmet of intelligence for 184 gold pieces
 13570 | D:11     | Hit by a large rock thrown by a cyclops

Illustrated notes

Levels and vault maps discovered:
D:1:      grunt_arrival_crossed_arrows, layout_rooms
D:2:      cheibrodos_helix_gallery, layout_rooms, basic_altar, st_stairs_12
D:3:      layout_basic, mainiacjoe_overflow_catwalk,
          dilly_ecumenical_altar_fadedgnrine, serial_shops,
          nicolae_shop_competitors_out_of_business
D:4:      layout_basic, grunt_temple_overflow_open, mainiacjoe_overflow_chevrons
D:5:      layout_basic, led_sif_pool, overflow_temple_1_default,
          hellmonk_bongcloud_opening, nicolae_stop_n_shop_1
D:6:      minmay_razor_zed, layout_loops_corners, mainiacjoe_overflow_brackets
D:7:      layout_basic, minmay_temple_entry_waves, supply_closet_lemuel
D:8:      layout_basic, nicolae_qazlal_eye_of_the_storm,
          kennysheep_windowed_goal
D:9:      layout_basic, erik_lair_orcish_takeover, ebering_ghost_xom
D:10:     layout_loops_ring, kennysheep_mini
D:11:     layout_basic, orc_david_3, uniq_grum, uniq_psyche, uniq_harold

Skill      XL: |  1  2  3  4  5  6  7  8  9 10 |
---------------+-------------------------------+-----
Poison Magic   | 4 6 8 |  8.0
Spellcasting   | 3 4 5 6 |  6.5
Conjurations   | 2 |  2.0
Air Magic      | 2 |  2.1
Invocations    | 3 6 9 11 | 11.2
Dodging        | 3 4 5 |  5.4
Fighting       | 2 4 5 |  5.4
Hexes          | 2 |  2.0
Ice Magic      | 2 4 |  4.0
Evocations     | 3 |  3.2
Stealth        | |  1.7
Transmutations | |  0.8

Action                   |  1- 3 |  4- 6 |  7- 9 | 10-12 || total
-------------------------+-------+-------+-------+-------++-------
Melee: Unarmed           |     5 |       |       |       ||     5
       Dagger            |    21 |    14 |   225 |   185 ||   445
       Kick              |       |     3 |    43 |     4 ||    50
 Cast: Sting             |    83 |   110 |    49 |     3 ||   245
       Mephitic Cloud    |       |     1 |       |       ||     1
       Olgreb's Toxic Ra |       |     3 |    50 |    36 ||    89
       Ozocubu's Armour  |       |       |     7 |     8 ||    15
       Ensorcelled Hiber |       |       |     5 |       ||     5
       Slow              |       |       |     1 |     6 ||     7
Evoke: Wand              |       |     5 |    12 |     3 ||    20
  Use: Scroll            |     4 |     7 |     8 |     5 ||    24
       Potion            |     1 |     1 |     7 |       ||     9
 Stab: Sleeping          |       |       |     3 |       ||     3
Armor: Robe              |    10 |     8 |    92 |   119 ||   229
       Skin              |       |       |    19 |       ||    19
Dodge: Dodged            |    40 |    27 |   159 |   153 ||   379
Block: Other             |     6 |     7 |    53 |    34 ||   100

Table legend: (Time is in decaauts)
 A = Elapsed time spent in this place.
 B = Non-inter-level travel time spent in this place.
 C = Inter-level travel time spent in this place.
 D = Time resting spent in this place.
 E = Time spent auto-exploring this place.
 F = Levels seen in this place.
 G = Mean time per level.
                   A        B        C        D        E       F      G
               +--------+--------+--------+--------+--------+-----+--------+
         Total |  13597 |  13063 |    534 |   1495 |   9093 |  11 | 1236.1 |
       Dungeon |  13597 |  13063 |    534 |   1495 |   9093 |  11 | 1236.1 |
               +--------+--------+--------+--------+--------+-----+--------+

Top non-repeatable levels by time:
     D:6: 1920 daAuts
     D:7: 1834 daAuts
     D:8: 1562 daAuts
    D:10: 1438 daAuts
     D:9: 1356 daAuts
     D:5: 1303 daAuts
     D:2: 1014 daAuts
     D:1: 1010 daAuts
     D:4: 966 daAuts
     D:3: 941 daAuts
    D:11: 247 daAuts
